 Dungeon Crawl Stone Soup version 0.25-a0-737-g26c3a87c45 (webtiles) character file.

Game seed: 3677319564485964146, levelgen mode: classic

5 Amnesiac the Chiller (level 1, -2/14 HPs)
             Began as a Ghoul Ice Elementalist on Apr 11, 2020.
             Slain by a kobold (4 damage)
             ... on level 1 of the Dungeon.
             The game lasted 00:00:42 (167 turns).

Amnesiac the Chiller (Ghoul Ice Elementalist)        Turns: 167, Time: 00:00:42

Health: -2/14      AC:  2    Str: 11    XL:     1   Next: 80%
Magic:  2/2        EV: 12    Int: 10    God:
Gold:   16         SH:  0    Dex:  9    Spells: 2/3 levels left

rFire    . . .     SeeInvis .   (no weapon)
rCold    + . .     Gourm    .   (no shield)
rNeg     + + +     Faith    .   a - +0 robe
rPois    ∞         Spirit   .   (no helmet)
rElec    .         Reflect  .   (no cloak)
rCorr    .         Harm     .   (no gloves)
MR       .....                  (no boots)
Stlth    ++........             (no amulet)
HPRegen  0.00/turn              (no ring)
MPRegen  0.08/turn              (no ring)

@: rotting
A: rotting body, claws 1, carnivore, cold resistance 1, negative energy
resistance 3, inhibited regeneration, torment resistance, unbreathing
a: no special abilities


You were on level 1 of the Dungeon.
You were not hungry.

You visited 1 branch of the dungeon, and saw 1 of its levels.

You collected 16 gold pieces.

Inventory:

Armour
 a - a +0 robe (worn)
Scrolls
 b - 3 scrolls of magic mapping {!r, unknown}
 d - 2 scrolls of remove curse {!r, unknown}
Potions
 e - a potion of heal wounds {!q, unknown}
 f - a potion of ambrosia {!q, unknown}
 g - a potion of mutation {!q, unknown}
Comestibles
 c - a ration


   Skills:
 - Level 1.7 Dodging
 - Level 2.1 Stealth
 + Level 1.9 Spellcasting
 * Level 4.6 Ice Magic


You had 2 spell levels left.
You knew the following spells:

 Your Spells              Type           Power        Failure   Level  Hunger
a - Freeze                Ice            ##..         4%          1    ##.....

Your spell library contained the following spells:

 Spells                   Type           Power        Failure   Level  Hunger
 Frozen Ramparts          Ice            ##....       14%         3    ####...
 Ozocubu's Armour         Chrm/Ice       #.......     36%         3    ####...
 Hailstorm                Conj/Ice       #.......     77%         4    #####..
 Summon Ice Beast         Ice/Summ       #.......     77%         4    #####..


Dungeon Overview and Level Annotations

Branches:
Dungeon (1/15)

Altars:


Innate Abilities, Weirdness & Mutations

Your body is rotting away.
You thrive on raw meat.
You are immune to poison.
You have sharp fingernails.
You are carnivorous and can eat meat at any time.
Your flesh is cold resistant. (rC+)
You are immune to negative energy. (rN+++)
You do not regenerate when monsters are visible.
You are immune to unholy pain and torment.
You can survive without breathing.


Message History

Found a fuming orange potion.
You see here a fuming orange potion {!q}.
g - a fuming orange potion {!q}
Found 16 arrows.
A kobold comes into view.
The kobold closely misses you.
The kobold shouts!
You hear a shout!
The kobold hits you with a +0 whip. The goblin misses you.
You scratch the leopard gecko.
The leopard gecko is lightly wounded.
The kobold completely misses you. x2; The goblin barely misses you.
The leopard gecko barely misses you. The kobold closely misses you.
The kobold throws a stone.
The stone hits you but does no damage. The kobold hits you but does no damage.
The leopard gecko barely misses you. The leopard gecko closely misses you.
The hobgoblin shouts!
The leopard gecko barely misses you.
Casting: Freeze (safe; 4% risk of failure)
Confirm with . or Enter, or press ? or * to list all spells.
Aiming: Freeze (safe; 4% risk of failure)
Press: ? - help, Shift-Dir - straight line, f - leopard gecko
Aim: a leopard gecko You freeze the leopard gecko.
The leopard gecko is moderately wounded.
The leopard gecko closely misses you.
Casting: Freeze (safe; 4% risk of failure)
Confirm with . or Enter, or press ? or * to list all spells.
Aiming: Freeze (safe; 4% risk of failure)
Press: ? - help, Shift-Dir - straight line, f/p - leopard gecko
Aim: a leopard gecko (moderately wounded)
You freeze the leopard gecko.
You kill the leopard gecko!
Casting: Freeze (safe; 4% risk of failure)
Confirm with . or Enter, or press ? or * to list all spells.
You don't have enough magic to cast that spell.
The kobold hits you with a +0 whip.
* * * LOW HITPOINT WARNING * * *
Casting: Freeze (safe; 4% risk of failure)
Confirm with . or Enter, or press ? or * to list all spells.
Aiming: Freeze (safe; 4% risk of failure)
Press: ? - help, Shift-Dir - straight line, f - kobold
Aim: a kobold, wielding a +0 whip You freeze the kobold.
You kill the kobold!
A hobgoblin comes into view. It is wielding a +0 club.
The hobgoblin shouts!
The hobgoblin closely misses you.
The kobold shouts!
The hobgoblin hits you but does no damage.
You see here 16 arrows.
The hobgoblin misses you.
The hobgoblin drinks a potion.
The hobgoblin seems to grow stronger.
The kobold hits you but does no damage. The kobold hits you.
* * * LOW HITPOINT WARNING * * *
The kobold hits you.
* * * LOW HITPOINT WARNING * * *
A rat comes into view.
Things that are here:
a frilled lizard corpse; a bat corpse; a frilled lizard corpse You butcher the frilled lizard corpse.
The kobold hits you.
You die...

#.#####...# #g# #...# #.#
#...# . #g#####'#.# ..
#.##......##..# .
#g##..........# ...
#.##......##.#
.....######.##......##.#
#...@Kg..'......##.#
.....######.##......##.##
... ....#......##..# .
###..#..........#
#..#......##...
#..+.......##..
##.#....(#.##..
.#.....#..##.
###.......##


You could see a hobgoblin and a kobold.

Vanquished Creatures
  A leopard gecko (D:1)
  A bat (D:1)
  2 frilled lizards (D:1)
  A kobold (D:1)
5 creatures vanquished.

Notes
Turn   | Place    | Note
-------+----------+-------------------------------------------
     0 | D:1      | Amnesiac the Ghoul Ice Elementalist began the quest for the
                  | Orb.
     0 | D:1      | Reached XP level 1. HP: 14/14 MP: 2/2
   167 | D:1      | Slain by a kobold

Levels and vault maps discovered:
D:1:      heliophobic_arrival_dark_side_of_the_moon, layout_basic,
          supply_closet_lemuel, st_stairs_4, serial_park_tiny_pond,
          tso_metal_star

Action                   || total
-------------------------++-------
Melee: Unarmed           ||    11
 Cast: Freeze            ||     5
Armor: Robe              ||     7
Dodge: Dodged            ||    19

Table legend:
 A = Non-vault XP
 B = Vault XP
 C = Vault XP percentage of total XP
 D = Non-vault monster count
 E = Vault monster count
 F = Vault count percentage of total count
                 A         B        C        D         E       F
            +---------+---------+-------+---------+---------+-------
      Total |       7 |       1 |  12.5 |       4 |       1 |  20.0
            +---------+---------+-------+---------+---------+-------
        D:1 |       7 |       1 |  12.5 |       4 |       1 |  20.0
            +---------+---------+-------+---------+---------+-------
